 Dungeon Crawl Stone Soup version 0.30-a0-782-ge64f9170bb (webtiles) character file.

Game seed: 10938168995509911707

44 Dirtsage the Sneak (level 3, -3/27 HPs)
             Began as a Vampire Brigand on Mar 3, 2023.
             Slain by Terence
             ... wielding a +0 morningstar
              (11 damage)
             ... on level 2 of the Dungeon.
             The game lasted 00:01:59 (1057 turns).

Dirtsage the Sneak (Vampire Brigand)                Turns: 1057, Time: 00:01:59

Health: -3/27      AC:  3    Str: 10    XL:     3   Next: 39%
Magic:  3/3        EV: 12    Int: 13    God:
Gold:   28         SH:  0    Dex: 17    Spells: 2/2 levels left

rFire   . . .      SeeInvis +    a - +2 dagger
rCold   . . .      Faith    .    (no shield)
rNeg    . . .      Spirit   .    b - +0 robe
rPois   .          Reflect  .    (no helmet)
rElec   .          Harm     .    c - +0 cloak
rCorr   .          Rampage  .    (no gloves)
Will    .....                    (no boots)
Stlth   +++                      (no amulet)
HPRegen 0.44/turn                (no ring)
MPRegen 0.08/turn                (no ring)

@: healing quickly
A: alive, fangs 3, see invisible, vampiric 2
a: Exsanguinate


You were on level 2 of the Dungeon.
You visited 1 branch of the dungeon, and saw 2 of its levels.

You collected 28 gold pieces.

Inventory:

Hand Weapons
 a - a +2 dagger (weapon)
Missiles
 d - 9 poisoned darts (quivered)
 e - 3 curare-tipped darts
Armour
 b - a +0 robe (worn)
 c - a +0 cloak (worn)
Scrolls
 f - a scroll of identify {unknown}
 g - a scroll of fear {unknown}
 j - a scroll of blinking {unknown}
Potions
 h - a potion of berserk rage {unknown}
 i - a potion of heal wounds {unknown}


   Skills:
 - Level 1.7 Fighting
 - Level 2.1(2.9) Short Blades
 * Level 2.5(2.9) Long Blades
 - Level 1.5 Throwing
 - Level 1.1 Dodging
 + Level 6.5 Stealth


You had 2 spell levels left.
You didn't know any spells.
Your spell library was empty.

Dungeon Overview and Level Annotations

Branches:
Dungeon (2/15)

Altars:

Annotations:
D:2 Terence


Innate Abilities, Weirdness & Mutations

Your natural rate of healing is accelerated.
You have razor-sharp teeth.
You have supernaturally acute eyesight. (SInv)
You are afflicted with vampirism and can become a bat while bloodless.


Message History

Health restored: 27 You hit the bat.
You bite the bat, but do no damage.
The bat is moderately wounded.
The bat hits you but does no damage. The bat barely misses you.
You hit the bat.
You kill the bat!
You hit the ball python.
The ball python is heavily wounded.
The ball python bites you. The ball python grabs you.
The ball python constricts you.
You take 2 damage, and have 25/27 hp.
You hit the ball python.
The ball python is severely wounded.
The ball python barely misses you. The ball python constricts you.
You barely miss the ball python.
The ball python is severely wounded.
The ball python misses you. The ball python constricts you.
You hit the ball python.
You kill the ball python!
Terence closely misses you.
Things that are here:
a ball python corpse; a bat corpse You hit Terence.
Terence is lightly wounded.
Terence completely misses you.
Health restored: 27 You hit Terence but do no damage.
Terence is lightly wounded.
Terence hits you with a +0 morningstar!
Ouch! That really hurt!
You take 15 damage, and have 12/27 hp.
MASSIVE DAMAGE!!
You hit Terence.
Terence is lightly wounded.
Terence hits you with a +0 morningstar.
* * * LOW HITPOINT WARNING * * *
You take 5 damage, and have 7/27 hp.
You hit Terence but do no damage.
Terence is lightly wounded.
Terence hits you with a +0 morningstar!
You die...

.####.############...[..#
#.# #......# #.# #......#
#†# #......# #.# #####
#.....$## #.####...##
#........
#....'.)..####.##
######....##@..)#
#.......##@#..#
#.....#.##.#..#
#..(..#....#..#
#.....######... #######
#.### #.. ..


You could see Terence.

Vanquished Creatures
  An adder (D:2)
  3 endoplasms (D:1)
  A giant cockroach (D:1)
  2 goblins (D:1)
  2 hobgoblins (D:1)
  3 jackals (D:1)
  3 quokkas
  4 ball pythons
  A bat (D:2)
  2 frilled lizards (D:1)
  4 kobolds
  7 rats (D:1)
33 creatures vanquished.

Notes
Turn   | Place    | Note
-------+----------+-------------------------------------------
     0 | D:1      | Dirtsage the Vampire Brigand began the quest for the Orb.
     0 | D:1      | Reached XP level 1. HP: 16/16 MP: 1/1
   153 | D:1      | Reached skill level 1 in Long Blades
   157 | D:1      | Reached skill level 6 in Stealth
   249 | D:1      | Reached XP level 2. HP: 22/22 MP: 2/2
   799 | D:1      | Gained mutation: You are afflicted with vampirism and can
                  | become a bat while bloodless. [Vampire growth]
   799 | D:1      | Reached XP level 3. HP: 27/27 MP: 3/3
  1040 | D:2      | Noticed Terence
  1057 | D:2      | Slain by Terence

Illustrated notes

Levels and vault maps discovered:
D:1:      scummos_arrival_simple_crosswalls, layout_basic, chequers_jeans,
          st_stairs_7, chequers_big_river, dreamdust_mushroom_princess,
          minmay_misc_feat_nine_boxes
D:2:      layout_basic, basic_altar, uniq_terence, uniq_robin

Skill      XL: |  1  2 |
---------------+-------+-----
Long Blades    | 1 2 |  2.5
Stealth        | 6 |  6.5
Fighting       | |  1.7
Short Blades   | |  2.1
Throwing       | |  1.5
Dodging        | |  1.1

Action                     || total
---------------------------++-------
  Melee: Dagger            ||    85
         Bite              ||     5
         Punch             ||     1
   Stab: Sleeping          ||    12
 Armour: Robe              ||    16
  Dodge: Dodged            ||    49

Table legend: (Time is in decaauts)
 A = Elapsed time spent in this place.
 B = Non-inter-level travel time spent in this place.
 C = Inter-level travel time spent in this place.
 D = Time resting spent in this place.
 E = Time spent auto-exploring this place.
 F = Levels seen in this place.
 G = Mean time per level.
                   A        B        C        D        E       F      G
               +--------+--------+--------+--------+--------+-----+--------+
         Total |   1057 |   1019 |     38 |      0 |    782 |   2 |  528.5 |
       Dungeon |   1057 |   1019 |     38 |      0 |    782 |   2 |  528.5 |
               +--------+--------+--------+--------+--------+-----+--------+

Top non-repeatable levels by time:
     D:1: 979 daAuts
     D:2: 78 daAuts
